Map: Port Aleksander LE

Players

Zanster - Winner!

  • Race: Zerg Zerg
  • Spawn Location: 11:00

HaPe

  • Race: Protoss Protoss
  • Spawn Location: 5:00

Event: 2019 WCS Spring

VOD

Have the link to the VOD?

Description

Time

  • Played on: May 17, 2019, 6:30 a.m.
  • Length: 7:30

All games in this series

Show
View Real Time Build Order
Export as new Build Order

Zanster Zerg - Winner!

Build Orders: Hatch First 

Get SALT Encoding   

  12  0:01  Drone  
  13  0:13  Overlord  
  13  0:18  Drone  
  14  0:31  Drone  
  14  0:32  Drone  
  16  0:49  Hatchery  
  15  0:52  Drone  
  15  0:56  Drone  
  17  1:00  Drone  
  18  1:11  Extractor  
  17  1:15  Spawning Pool  
  16  1:19  Drone  
  16  1:21  Drone  
  18  1:29  Drone  
  19  1:40  Drone  
  20  1:51  Drone  
  21  2:01  Overlord  
  21  2:02  Queen x2  
  21  2:04  Zergling x2  
  26  2:11  Metabolic Boost  
  26  2:14  Zergling x2  
  27  2:17  Drone  
  28  2:23  Drone  
  28  2:24  Drone  
  30  2:34  Drone x2  
  32  2:43  Hatchery  
  31  2:48  Drone  
  32  2:51  Queen  
  32  2:56  Overlord  
  34  2:59  Drone  
  34  3:00  Drone  
  34  3:05  Overlord  
  35  3:15  Drone x4  
  35  3:16  Drone  
  40  3:21  Drone  
  41  3:27  Drone  
  41  3:32  Queen  
  44  3:38  Zergling x4  
  46  3:42  Overlord  
  46  3:46  Extractor, Drone  
  46  3:47  Drone x5  
  46  3:48  Extractor  
  50  3:51  Drone  
  51  4:02  Lair  
  51  4:04  Roach Warren  
  51  4:05  Zergling x6  
  53  4:10  Zergling x2  
  53  4:11  Zergling x2  
  53  4:13  Zergling x2  
  56  4:17  Overlord  
  56  4:20  Zergling x6  
  59  4:25  Overlord  
  59  4:26  Spore Crawler  
  58  4:40  Overlord  
  58  4:44  Roach x6  
  70  4:47  Roach  
  72  4:54  Roach x2  
  72  4:56  Roach  
  78  5:00  Roach  
  78  5:03  Glial Reconstitution  
  78  5:05  Roach  
  82  5:13  Roach x3  
  88  5:17  Roach  
  88  5:21  Overlord  
  90  5:23  Overlord  
  90  5:38  Roach x3  
  81  5:47  Roach  
  81  5:48  Roach x5  
  85  5:57  Zergling x2  
  85  5:58  Zergling x8  
  85  6:02  Ravager  
  85  6:03  Ravager  
  92  6:05  Zergling x2  
  92  6:06  Zergling x6  
  96  6:12  Zergling x6  
  96  6:15  Drone  
  96  6:16  Drone  
  96  6:17  Drone  
  102  6:19  Drone  
  102  6:21  Drone  
  104  6:25  Overlord  
  102  6:38  Roach x2  
  102  6:39  Roach x2  
  105  6:43  Overlord  
  105  6:54  Roach  
  105  6:55  Roach x3  
  105  6:56  Overlord x2  
  113  7:06  Roach x4  
Show
View Real Time Build Order
Export as new Build Order

HaPe Protoss 

Build Orders: 1 Gate Expand 

Get SALT Encoding   

  12  0:00  Probe  
  13  0:14  Probe  
  14  0:20  Pylon  
  14  0:26  Probe  
  15  0:35  Probe  
  15  0:40  Gateway  
  16  0:44  Probe  
  16  0:49  Assimilator  
  17  0:54  Probe  
  18  1:06  Probe  
  19  1:18  Probe  
  20  1:27  Nexus  
  20  1:36  Cybernetics Core  
  20  1:39  Probe  
  21  1:47  Assimilator  
  21  1:51  Probe  
  22  1:55  Pylon  
  22  2:03  Adept  
  22  2:05  Probe  
  23  2:14  Warp Gate  
  25  2:18  Probe  
  26  2:24  Stalker, Robotics Facility  
  26  2:31  Probe  
  29  2:39  Probe  
  30  2:47  Probe  
  31  2:51  Probe  
  31  2:56  Twilight Council  
  32  3:00  Probe  
  32  3:03  Warp Prism  
  33  3:08  Probe  
  34  3:18  Probe  
  37  3:25  Charge, Gateway  
  37  3:29  Immortal  
  37  3:35  Probe  
  43  3:49  Pylon  
  43  3:55  Immortal, Gateway  
  42  3:56  Gateway  
  46  4:13  Gateway  
  46  4:16  Gateway  
  46  4:22  Gateway  
  46  4:30  Pylon  
  46  4:37  Zealot  
  48  4:39  Zealot  
  50  4:47  Pylon  
  50  4:57  Zealot x2  
  54  5:00  Zealot x2  
  58  5:09  Shield Battery  
  58  5:12  Pylon  
  58  5:13  Zealot  
  58  5:14  Zealot  
  62  5:24  Zealot x4  
  62  5:25  Pylon  
  68  5:40  Zealot x3  
  68  5:41  Warp Prism  
  44  5:54  Zealot x2  
  48  6:00  Zealot  
  48  6:01  Zealot x4  
  58  6:09  Probe  
  59  6:22  Zealot x3  
  59  6:23  Zealot x3  
  69  6:38  Zealot  
  63  6:42  Zealot x2  
  63  6:43  Zealot x4  
  75  6:59  Pylon  
  75  7:04  Zealot x5  
  63  7:23  Zealot x2  
  63  7:27  Zealot x2  
Tags
 
Add a new tag
Caveats
  • Supply blocks, unpowered buildings, or Contaminate may cause inaccurate times.
  • Supply counts are checked every 10 seconds.